[Event "Team 45 45 League T27"]
[Site "Internet Chess Club"]
[Date "2005.06.30"]
[Round "3"]
[White "SpeedBlade"]
[Black "Two-DogMan"]
[Result "1/2-1/2"]
[WhiteElo "1448"]
[BlackElo "1470"]
[TimeControl "2700+45"]

1. c4 Nf6 2. g3 d5 3. cxd5 Qxd5 4. Nf3 e6 5. Bg2 Nc6 6. O-O Bc5 7. Nc3 Qd8 8.
Na4 Bd6 9. d4 Bd7 10. Nc3 O-O 11. e4 e5 12. Bg5 Qe7 13. Bxf6 Qxf6 14. Nd5 Qd8
15. Ne3 Qf6 16. Nd5 Qd8 17. Ne3 Nxd4 18. Nxd4 exd4 19. Qxd4 Qg5 20. Nc4 Bb5 21.
Rfd1 Bxc4 22. Qxc4 Rab8 23. Rd5 Qf6 24. Qd4 Qxd4 25. Rxd4 Be5 26. Rd2 b6 27.
Rad1 Bf6 28. b3 Rbd8 29. Rxd8 Rxd8 30. Rxd8+ Bxd8 31. Bh3 g6 32. Bd7 Kg7 33. Kg2
Be7 34. Kf3 f6 35. g4 h6 36. h3 Bc5 37. Ke2 Kf7 38. f3 Ke7 39. Bc6 Bd6 40. Kd3
Be5 41. Kc4 a5 42. Kd5 Bf4 43. Bb5 Bd6 44. Bc6 {Game drawn by mutual agreement}
1/2-1/2

[Event "Team 45 45 League T27"]
[Site "Internet Chess Club"]
[Date "2005.07.05"]
[Round "3"]
[White "orkid"]
[Black "flodo"]
[Result "1-0"]
[WhiteElo "1812"]
[BlackElo "1645"]
[TimeControl "2700+45"]

1. e4 e5 2. Nf3 Nc6 3. Bb5 a6 4. Ba4 b5 5. Bb3 d6 6. c3 Bg4 7. d3 Bxf3 8. Qxf3
Nf6 9. O-O Na5 10. Bc2 h6 11. Re1 c5 12. b3 Be7 13. Qg3 Kf8 14. Nd2 Nh5 15. Qf3
Nf4 16. c4 Nc6 17. Nf1 Nd4 18. Qd1 Bg5 19. Ne3 Qd7 20. Nd5 Nxd5 21. cxd5 Bxc1
22. Rxc1 Qe7 23. Qd2 Qf6 24. Bd1 h5 25. Rf1 g5 26. b4 Rc8 27. bxc5 dxc5 28. Be2
b4 29. Rc4 g4 30. f3 Qh4 31. f4 exf4 32. Rxf4 Rh7 33. e5 Qe7 34. Rfxd4 Qxe5 35.
Rf4 Qxd5 36. Bd1 Rd8 37. Bb3 Qe5 38. Rce4 Qc7 39. Bc4 a5 40. Qf2 Rd7 41. Rf5 Qd8
42. Qxc5+ Kg8 43. Rfe5 Kg7 44. Rg5+ Kh8 45. Qe5+ f6 46. Qe8+ Qxe8 47. Rxe8#
{Black checkmated} 1-0

[Event "Team 45 45 League T27"]
[Site "Internet Chess Club"]
[Date "2005.07.05"]
[Round "3"]
[White "chivo"]
[Black "jacknor"]
[Result "1-0"]
[WhiteElo "1704"]
[BlackElo "1673"]
[TimeControl "2700+45"]

1. e4 d6 2. d4 Nf6 3. Nc3 g6 4. Bd3 e5 5. d5 a6 6. Bg5 h6 7. Bh4 Bg7 8. Nge2 c5
9. a4 g5 10. Bg3 Nh5 11. h3 Nxg3 12. Nxg3 Nd7 13. Nh5 Bf8 14. Be2 Qb6 15. b3 Qb4
16. Qd3 Qd4 17. O-O Qxd3 18. cxd3 Ke7 19. Bg4 b6 20. Ng3 Nf6 21. Bxc8 Rxc8 22.
Nf5+ Kd8 23. g3 Nh5 24. Ne2 Ng7 25. Ne3 h5 26. f4 gxf4 27. gxf4 f6 28. fxe5 fxe5
29. Nc4 Rb8 30. Rf6 Ne8 31. Rf7 Rg8+ 32. Kh1 Be7 33. Raf1 Rg7 34. Rxg7 Nxg7 35.
Rg1 Ne8 36. Ng3 h4 37. Nf5 Rb7 38. Rg4 b5 39. Na5 Rc7 40. Nc6+ Rxc6 41. dxc6 Bf6
42. axb5 axb5 43. Nxh4 Kc7 44. b4 cxb4 45. Nf5 Kxc6 46. Kg1 Nc7 47. h4 b3 48.
Rg2 Kc5 49. h5 d5 50. h6 Kb4 51. Ng7 Kc3 52. h7 Bxg7 53. Rxg7 b2 54. Rxc7+ Kxd3
55. h8=Q b1=Q+ 56. Kh2 Qb2+ 57. Kh3 Kxe4 58. Qh4+ Kd3 59. Rg7 e4 60. Rg2 Qe5 61.
Qg4 e3 62. Qe2+ Kd4 63. Qb2+ Ke4 64. Rg4+ Kf5 65. Rg5+ Kxg5 66. Qxe5+ Kg6 67.
Qxe3 Kf6 68. Qc5 Ke5 69. Qxb5 Ke4 70. Kg3 d4 71. Qc6+ Ke3 72. Qe6+ Kd2 73. Kf3
Kc3 74. Ke4 d3 75. Qe5+ Kc2 76. Qc5+ Kd2 77. Qc4 {Black resigns} 1-0

[Event "Team 45 45 League T27"]
[Site "Internet Chess Club"]
[Date "2005.07.04"]
[Round "3"]
[White "MrShaw"]
[Black "David-Carioca"]
[Result "1/2-1/2"]
[WhiteElo "1628"]
[BlackElo "1566"]
[TimeControl "2700+45"]

1. e4 e6 2. d4 d5 3. e5 c5 4. c3 Nc6 5. Nf3 a6 6. Bd3 b5 7. O-O Bb7 8. Ng5 g6 9.
f4 cxd4 10. cxd4 Nxd4 11. Bxg6 hxg6 12. Qxd4 Nh6 13. Nf3 Nf5 14. Qd3 Bc5+ 15.
Rf2 Bxf2+ 16. Kxf2 d4 17. Nbd2 Qd5 18. b3 Nh4 19. Ba3 Nxf3 20. Nxf3 Rxh2 21. Rc1
Rh5 22. Rc7 Rc8 23. Qc2 d3 24. Rxc8+ {Game drawn by mutual agreement} 1/2-1/2

[Event "Team 45 45 League T27"]
[Site "Internet Chess Club"]
[Date "2005.07.03"]
[Round "3"]
[White "nanning"]
[Black "chessterbaggins"]
[Result "1-0"]
[WhiteElo "1541"]
[BlackElo "1256"]
[TimeControl "2700+45"]

1. e4 e5 2. Bc4 Nf6 3. d3 Be7 4. Nc3 d6 5. f4 Nc6 6. Nf3 Bg4 7. h3 Bxf3 8. Qxf3
Nd4 9. Qf2 Nh5 10. Bxf7+ Kxf7 11. fxe5+ Ke8 12. O-O dxe5 13. Qf7+ Kd7 14. Qxh5
Nxc2 15. Qg4+ Kc6 16. Qe6+ Bd6 17. Rf7 a6 18. Na4 Kb5 19. Qc4+ Ka5 20. Bd2+ Nb4
21. Bxb4+ Bxb4 22. a3 Qd4+ 23. Qxd4 exd4 24. axb4+ Kxb4 25. Rxc7 b5 26. Nc5 a5
27. e5 a4 28. e6 a3 29. bxa3+ Rxa3 30. Rxa3 Kxa3 31. e7 Re8 32. Ne6 b4 33. Nxg7
b3 34. Nxe8 b2 35. Rb7 Ka2 36. Nf6 h6 37. e8=Q b1=Q+ 38. Rxb1 Kxb1 39. Qe4 Kc2
40. Qxd4 h5 41. Qh4 Kxd3 42. Qxh5 Ke3 43. Qf3+ Kd4 44. h4 Ke5 45. h5 Ke6 46. Ng4
Ke7 47. h6 Ke8 48. h7 Ke7 49. h8=Q Ke6 50. Qh5 Ke7 51. Qc6 {Black resigns} 1-0

[Event "Team 45 45 League T27"]
[Site "Internet Chess Club"]
[Date "2005.07.05"]
[Round "3"]
[White "GhostMate"]
[Black "tarheels"]
[Result "1-0"]
[WhiteElo "1714"]
[BlackElo "1725"]
[TimeControl "2700+45"]

1. e4 c5 2. Nf3 Nc6 3. Bb5 Nf6 4. d3 g6 5. c3 Bg7 6. O-O O-O 7. Bf4 h6 8. Qc2
Ne8 9. Nbd2 Nc7 10. a4 a6 11. Bc4 d6 12. Rfe1 Be6 13. Rad1 b5 14. Bb3 Na5 15.
Bxe6 Nxe6 16. Bg3 Rc8 17. axb5 axb5 18. Nb3 b4 19. d4 cxd4 20. Nbxd4 Nxd4 21.
Nxd4 Qb6 22. Qd3 bxc3 23. bxc3 Nc6 24. Rb1 Qc5 25. Rb5 Qa3 26. Nxc6 Rxc6 27. Qd5
Qxc3 28. Rd1 Rfc8 29. Bf4 Rc5 30. Qb7 Rxb5 31. Qxb5 Qc2 32. Re1 Bc3 33. Rc1 Qxe4
34. Bd2 Rc5 35. Qb8+ Kg7 36. Bxc3+ f6 37. Qb2 d5 38. Qa3 Rc4 39. Re1 Ra4 40. Qb2
Qd3 41. Bxf6+ Kg8 42. Qb8+ Kf7 43. Rxe7+ Kxf6 44. Qe5# {Black checkmated} 1-0

[Event "Team 45 45 League T27"]
[Site "Internet Chess Club"]
[Date "2005.07.05"]
[Round "3"]
[White "ebattousai"]
[Black "PhD"]
[Result "1-0"]
[WhiteElo "1541"]
[BlackElo "1545"]
[TimeControl "2700+45"]

1. e4 e6 2. d4 d5 3. e5 c5 4. c3 Nc6 5. Nf3 Qb6 6. a3 c4 7. Be2 Bd7 8. O-O h6 9.
Qc2 Nge7 10. Nh4 g6 11. f4 Bg7 12. Nd2 g5 13. fxg5 hxg5 14. Nhf3 g4 15. Ng5 Bxe5
16. Nxf7 Bxh2+ 17. Kh1 Bf4+ 18. Nxh8 {Black resigns} 1-0

[Event "Team 45 45 League T27"]
[Site "Internet Chess Club"]
[Date "2005.07.01"]
[Round "3"]
[White "chicopee-ed"]
[Black "boozehound"]
[Result "0-1"]
[WhiteElo "1559"]
[BlackElo "1646"]
[TimeControl "2700+45"]

1. d4 d5 2. Nf3 Bf5 3. e3 Nf6 4. c4 e6 5. Qa4+ Qd7 6. Qxd7+ Nbxd7 7. Nc3 Bb4 8.
a3 Bxc3+ 9. bxc3 Nb6 10. Ne5 Ne4 11. Bd2 Nxd2 12. Kxd2 f6 13. c5 fxe5 14. cxb6
exd4 15. bxc7 dxe3+ 16. Kxe3 Rc8 17. Bb5+ Kf7 18. Bd3 g6 19. Rab1 Rxc7 20. Rb3
Rhc8 21. Bxf5 gxf5 22. Kd4 Kf6 23. Rhb1 Rc4+ 24. Kd3 b6 25. g3 e5 26. f3 e4+ 27.
fxe4 fxe4+ 28. Ke3 Rxc3+ 29. Rxc3 Rxc3+ 30. Ke2 Rxa3 31. Rf1+ Ke5 32. Rf7 Ra2+
33. Kd1 Rxh2 34. Rxa7 Rg2 35. Rb7 Rxg3 36. Rxb6 h5 37. Rh6 Rh3 38. Rh8 Kd4 39.
Ra8 h4 40. Ra4+ Ke5 41. Ke2 Kf4 42. Ra8 Rh2+ 43. Kf1 h3 44. Ra3 d4 45. Kg1 Rg2+
46. Kh1 Rg3 47. Ra8 Rc3 48. Rh8 Rf3 49. Kh2 Ke3 50. Ra8 d3 51. Ra3 Ke2 52. Ra2+
d2 53. Kg1 Ke1 {White resigns} 0-1

[Event "Team 45 45 League T27"]
[Site "Internet Chess Club"]
[Date "2005.07.05"]
[Round "3"]
[White "Invicta-Knight"]
[Black "Frobert"]
[Result "1/2-1/2"]
[WhiteElo "1460"]
[BlackElo "1587"]
[TimeControl "2700+45"]

1. e4 e6 2. d4 d5 3. Nc3 Bb4 4. e5 Ne7 5. Nf3 c5 6. a3 Bxc3+ 7. bxc3 c4 8. Be2
O-O 9. Bg5 Nd7 10. Qd2 f6 11. exf6 Nxf6 12. Bxf6 Rxf6 13. Ne5 Ng6 14. Qg5 Qa5
15. Qg3 Nxe5 16. dxe5 Rf5 17. O-O Qc7 18. f4 Bd7 19. Bg4 Qc5+ 20. Qf2 Qxf2+ 21.
Rxf2 Rf7 22. Raf1 g6 23. Bh3 h5 24. g4 Raf8 25. Kg2 h4 26. Kh1 Bc6 27. Bg2 g5
28. f5 Kh7 29. Kg1 Bd7 30. f6 a5 31. Rb1 b5 32. Kf1 a4 33. Rb4 {Game drawn by
mutual agreement} 1/2-1/2

[Event "Team 45 45 League T27"]
[Site "Internet Chess Club"]
[Date "2005.07.03"]
[Round "3"]
[White "bmw2002"]
[Black "Fegary"]
[Result "1-0"]
[WhiteElo "1620"]
[BlackElo "1605"]
[TimeControl "2700+45"]

1. c4 d6 2. Nc3 Nf6 3. g3 g6 4. Bg2 Bg7 5. e4 Nc6 6. Nge2 Nd7 7. d4 Nb6 8. b3
Bg4 9. h3 Nxd4 10. hxg4 Nxe2 11. Kxe2 Bxc3 12. Rb1 Qd7 13. Rh4 O-O-O 14. Qh1 Qe6
15. g5 Nxc4 16. Bh3 f5 17. gxf6 {Black resigns} 1-0

[Event "Team 45 45 League T27"]
[Site "Internet Chess Club"]
[Date "2005.07.03"]
[Round "3"]
[White "gartman"]
[Black "GoIrish"]
[Result "1-0"]
[WhiteElo "1641"]
[BlackElo "1612"]
[TimeControl "2700+45"]

1. e4 d6 2. d4 Nf6 3. Nc3 g6 4. Be3 c6 5. f3 b5 6. Qd2 a5 7. Bd3 Qc7 8. Nge2
Nbd7 9. O-O h5 10. Rad1 Nb6 11. b3 e5 12. f4 Ng4 13. Bf2 Nxf2 14. Rxf2 Bh6 15.
Rdf1 Bg4 16. g3 O-O-O 17. a4 b4 18. Nd1 exd4 19. Nxd4 Bd7 20. c3 Bg7 21. Qe3 c5
22. Ba6+ Kb8 23. Nf3 Rhe8 24. cxb4 cxb4 25. Nb2 Qc3 26. Qxb6+ {Black resigns}
1-0

[Event "Team 45 45 League T27"]
[Site "Internet Chess Club"]
[Date "2005.07.10"]
[Round "3"]
[White "chesskix"]
[Black "AlPearson"]
[Result "1-0"]
[WhiteElo "1511"]
[BlackElo "1423"]
[TimeControl "2700+45"]

1. c4 e6 2. d4 d5 3. Nc3 c6 4. Nf3 Nf6 5. cxd5 cxd5 6. g3 Nbd7 7. Bg2 Be7 8. O-O
O-O 9. b3 Rb8 10. Bb2 b5 11. Rc1 Qa5 12. Ne5 Nxe5 13. dxe5 Nd7 14. e4 b4 15. Na4
dxe4 16. Rxc8 Rbxc8 17. Qxd7 Qc7 18. Qxc7 Rxc7 19. Bxe4 f6 20. f4 fxe5 21. Bxe5
Rd7 22. Kg2 Bf6 23. Nc5 Rd2+ 24. Rf2 Rxf2+ 25. Kxf2 Bxe5 26. Nxe6 Rf6 27. Bd5 h6
28. Ng5+ Kh8 29. Nf7+ Kh7 30. Nxe5 Rd6 31. Be4+ Kg8 32. Ke2 Kf8 33. h4 Rd4 34.
Bg6 Rd6 35. h5 Ke7 36. Nd3 a5 37. Ne5 Kf6 38. Nc4 Rc6 39. Kd3 Ra6 40. Kd4 a4 41.
Kd5 axb3 42. axb3 Ra1 43. Kc5 Rg1 44. Kxb4 Rxg3 45. Nd6 Rg4 46. Ne8+ Ke7 47.
Nxg7 Rxf4+ 48. Kc5 Rf1 49. Nf5+ Kf6 50. Nxh6 Rh1 51. Ng8+ Kg7 52. Ne7 Re1 53.
Nf5+ Kf6 54. Nd4 Rc1+ 55. Kb6 Rd1 56. Nc6 Rd6 57. b4 Re6 58. b5 Rd6 59. Kc7
{Black resigns} 1-0

[Event "Team 45 45 League T27"]
[Site "Internet Chess Club"]
[Date "2005.07.04"]
[Round "3"]
[White "houseofcook"]
[Black "wojozim"]
[Result "0-1"]
[WhiteElo "1353"]
[BlackElo "1478"]
[TimeControl "2700+45"]

1. e4 c5 2. d4 cxd4 3. c3 dxc3 4. Nxc3 Nc6 5. Nf3 d6 6. Bc4 e5 7. Ng5 Nh6 8. O-O
Be7 9. Nf3 O-O 10. Bxh6 gxh6 11. h3 Kh8 12. Rc1 Rg8 13. Kh1 Qd7 14. Rg1 Qe8 15.
Nd5 Qd8 16. Nxe7 Qxe7 17. Qd2 Rg6 18. b3 Be6 19. Bxe6 Qxe6 20. Nh4 Rgg8 21. Nf5
Rg6 22. f3 Rc8 23. Rcd1 Rd8 24. g4 Qd7 25. Nxh6 Nd4 26. Rgf1 Ne6 27. Nf5 Nf4 28.
Kh2 h5 29. Rg1 h4 30. Nxh4 Rh6 31. Qf2 Qe7 32. g5 Qe6 33. Rg3 Rxh4 34. Qf1 Kg7
35. g6 fxg6 36. Kh1 Rxh3+ 37. Rxh3 Qxh3+ 38. Qxh3 Nxh3 39. Kg2 Nf4+ 40. Kf2 d5
41. Rg1 dxe4 42. fxe4 Rd2+ 43. Ke3 Re2+ 44. Kf3 Rxa2 45. Rg5 Kf6 46. Rg1 Rb2 47.
Kg4 Rxb3 48. Rd1 Rd3 49. Ra1 a6 50. Ra5 Rd8 51. Rc5 Ra8 52. Rc7 Rb8 53. Rd7 a5
54. Rd6+ Ne6 55. Rd5 b5 56. Rd1 a4 57. Rf1+ Nf4 58. Rc1 b4 59. Rc6+ Ne6 60. Ra6
a3 61. Kf3 b3 {White resigns} 0-1

[Event "Team 45 45 League T27"]
[Site "Internet Chess Club"]
[Date "2005.07.02"]
[Round "3"]
[White "chessterbaggins"]
[Black "BosqueVerde"]
[Result "0-1"]
[WhiteElo "1261"]
[BlackElo "1216"]
[TimeControl "2700+45"]

1. e4 e6 2. Nf3 d5 3. d3 c5 4. b3 d4 5. Ne5 Qc7 6. Bf4 Bd6 7. Qg4 Bxe5 8. Bg3
Ne7 9. Qg5 Ng6 10. Be2 Nc6 11. O-O O-O 12. Na3 a6 13. Nc4 h6 14. Qg4 b5 15. Nxe5
Ncxe5 16. Qh3 Qe7 17. Bh5 Bb7 18. Bxg6 Nxg6 19. Qh5 c4 20. bxc4 bxc4 21. Rab1 e5
22. Qf3 c3 23. h3 Rfb8 24. Qf5 Bc8 25. Qh5 Nf4 26. Bxf4 exf4 27. Qf3 Qg5 28. g3
fxg3 29. fxg3 Bxh3 30. Qxf7+ Kh7 31. Qf5+ Bxf5 32. exf5 Qxg3+ 33. Kh1 Rxb1 34.
Rxb1 Rf8 35. a4 Rxf5 {White resigns} 0-1

[Event "Team 45 45 League T27"]
[Site "Internet Chess Club"]
[Date "2005.07.03"]
[Round "3"]
[White "EyeAm"]
[Black "WzeroMN"]
[Result "1/2-1/2"]
[WhiteElo "1216"]
[BlackElo "1191"]
[TimeControl "2700+45"]

1. e4 e5 2. Nf3 Nc6 3. Bc4 Be7 4. O-O Nf6 5. d3 O-O 6. a3 Nd4 7. Nxe5 d5 8. exd5
Nxd5 9. c3 Ne6 10. d4 a6 11. b4 b5 12. Bb3 Bb7 13. a4 Nf6 14. Be3 Bd5 15. Nd2
Bxb3 16. Nxb3 Qd5 17. axb5 axb5 18. Qc2 Bd6 19. Rxa8 Rxa8 20. Ra1 Rxa1+ 21. Nxa1
Bxe5 22. dxe5 Nd7 23. Nb3 Nxe5 {Game drawn by mutual agreement} 1/2-1/2

[Event "Team 45 45 League T27"]
[Site "Internet Chess Club"]
[Date "2005.07.01"]
[Round "3"]
[White "gafir777"]
[Black "jerry813"]
[Result "0-1"]
[WhiteElo "1160"]
[BlackElo "1155"]
[TimeControl "2700+45"]

1. e4 e5 2. Nf3 d6 3. Bc4 h6 4. d3 Nf6 5. O-O Nc6 6. Be3 Ng4 7. Nc3 Nxe3 8. fxe3
Be7 9. d4 O-O 10. d5 Na5 11. b3 Nxc4 12. bxc4 Bg4 13. h3 Bh5 14. g4 Bg6 15. a4
h5 16. Qb1 b6 17. Ne2 hxg4 18. hxg4 Bg5 19. Nxg5 Qxg5 20. Kf2 Bxe4 21. Ng3 Qxg4
22. Nxe4 Qxe4 23. Qb3 f5 24. Qd3 Qh4+ 25. Ke2 Qg4+ 26. Kd2 Rf7 27. Qe2 Qxe2+ 28.
Kxe2 Raf8 29. a5 f4 30. axb6 axb6 31. exf4 Rxf4 32. Rxf4 Rxf4 33. Rf1 Rxc4 34.
Kd3 Rc5 35. c4 b5 36. Rc1 Kf7 37. Rf1+ Kg6 38. Rg1+ Kf7 39. Rf1+ Ke7 40. cxb5
Rxb5 41. Kc4 Rc5+ 42. Kb4 Rxd5 43. Rc1 Rc5 44. Rxc5 dxc5+ 45. Kxc5 g5 46. Kd5
Kf6 47. Ke4 g4 48. Ke3 Kf5 49. Kf2 Kf4 50. Kg2 c5 51. Kf2 c4 52. Ke2 g3 53. Kf1
c3 54. Ke2 c2 55. Kd2 g2 56. Kxc2 g1=Q 57. Kc3 Qd4+ 58. Kc2 e4 59. Kb3 e3 60.
Kc2 Qd2+ 61. Kb3 e2 62. Kc4 e1=Q 63. Kc5 Qec1+ 64. Kb6 Qdb2+ 65. Ka7 Qca1#
{White checkmated} 0-1

[Event "Team 45 45 League T27"]
[Site "Internet Chess Club"]
[Date "2005.07.02"]
[Round "3"]
[White "fuzzface"]
[Black "Mississippian"]
[Result "0-1"]
[WhiteElo "1336"]
[BlackElo "1438"]
[TimeControl "2700+45"]

1. e4 d6 2. c4 Nf6 3. Nc3 g6 4. d3 Bg7 5. Bg5 O-O 6. h3 Nbd7 7. Nf3 c5 8. Be2 b6
9. O-O Bb7 10. Rb1 Rb8 11. Qd2 Re8 12. Bh6 e6 13. Bxg7 Kxg7 14. Nb5 Qe7 15. Nxa7
Ra8 16. Nb5 Rxa2 17. Ra1 Rxa1 18. Rxa1 Ra8 19. Ra3 Rxa3 20. bxa3 h6 21. Qb2 e5
22. Nd2 h5 23. Nc7 Ne8 24. Nd5 Bxd5 25. exd5 f5 26. Nf3 Kh6 27. Qd2+ f4 28. g3
Kg7 29. Bf1 fxg3 30. fxg3 Nef6 31. Qe3 e4 32. Ng5 Qe5 33. Ne6+ Kf7 34. Ng5+ Kg7
35. Nxe4 Nxe4 36. dxe4 Nf6 37. Bg2 g5 38. a4 Kg6 39. Kf2 Qb2+ 40. Qe2 Qd4+ 41.
Ke1 Qa1+ 42. Qd1 Qc3+ 43. Kf2 Qxc4 44. Ke3 Qc3+ 45. Qd3 Qe1+ 46. Kf3 g4+ 47.
hxg4 hxg4+ 48. Kf4 Kh5 49. Kf5 Qf2+ 50. Ke6 Qxg2 51. Kxf6 Qf3+ 52. Qxf3 gxf3 53.
e5 f2 54. e6 f1=Q+ 55. Ke7 Kg5 56. Kxd6 c4 57. e7 Qf6+ 58. Kd7 Qf7 59. d6 Kf6
60. Kd8 c3 61. d7 Qxe7+ 62. Kc8 c2 63. d8=Q Qxd8+ 64. Kxd8 c1=Q 65. g4 Qd1+
{White resigns} 0-1

[Event "Team 45 45 League T27"]
[Site "Internet Chess Club"]
[Date "2005.07.05"]
[Round "3"]
[White "rgadoury"]
[Black "Fogbound"]
[Result "1/2-1/2"]
[WhiteElo "1382"]
[BlackElo "1304"]
[TimeControl "2700+45"]

1. e4 g6 2. Nf3 d6 3. Bc4 Bg4 4. d3 h6 5. Nbd2 Bg7 6. h3 Bxf3 7. Nxf3 Nd7 8. O-O
e6 9. Re1 Ne7 10. Rb1 a6 11. a3 b5 12. Ba2 c5 13. b4 Nc6 14. Bb2 Nd4 15. Nxd4
cxd4 16. Rf1 Rc8 17. f4 Qh4 18. Bb3 g5 19. Qg4 Qxg4 20. hxg4 gxf4 21. Rxf4 Be5
22. Rf3 Nf8 23. Rbf1 Rc7 24. Bc1 Ng6 25. Rh3 Ke7 26. Bxh6 Rxh6 27. Rxh6 Nf4 28.
Kf2 Bg7 29. Rh7 Bf6 30. Kf3 Ng6 31. Rfh1 Ne5+ 32. Kg3 Rc8 33. R1h5 Rg8 34. Rxe5
Bxe5+ 35. Kf3 Rg6 36. g3 Rf6+ 37. Kg2 Rg6 38. Kf3 Rf6+ 39. Kg2 {Game drawn by
mutual agreement} 1/2-1/2

[Event "Team 45 45 League T27"]
[Site "Internet Chess Club"]
[Date "2005.07.02"]
[Round "3"]
[White "klt713"]
[Black "MJBerkey88"]
[Result "0-1"]
[WhiteElo "1203"]
[BlackElo "1316"]
[TimeControl "2700+45"]

1. d4 e6 2. e4 d5 3. e5 c5 4. Nf3 cxd4 5. Nxd4 Nc6 6. Nxc6 bxc6 7. Bd3 Qc7 8. f4
Bc5 9. Qf3 Ne7 10. Nc3 O-O 11. Bd2 f6 12. Qg3 fxe5 13. Rf1 e4 14. Be2 Nf5 15.
Qh3 e5 16. O-O-O Ne3 17. Qe6+ Bxe6 18. Bxe3 Bxe3+ 19. Kb1 Rxf4 20. Rxf4 exf4 21.
h3 Rf8 22. a3 f3 23. gxf3 exf3 24. Bd3 f2 25. Rh1 Rf3 26. Nd1 Bxh3 27. Nxf2 Bxf2
28. Ka2 Bf5 29. Bxf5 Rxf5 30. Rh3 g5 31. Rh5 Bh4 32. Rh6 Kg7 33. Re6 Re5 34.
Rxe5 Qxe5 35. c3 Be1 36. Kb3 Qe3 37. a4 d4 {White resigns} 0-1

[Event "Team 45 45 League T27"]
[Site "Internet Chess Club"]
[Date "2005.07.03"]
[Round "3"]
[White "ihatepickles"]
[Black "ffplayer"]
[Result "1-0"]
[WhiteElo "1182"]
[BlackElo "1129"]
[TimeControl "2700+45"]

1. d4 d5 2. c4 dxc4 3. Nf3 Nf6 4. e3 e6 5. Bxc4 Nc6 6. Nc3 Bb4 7. a3 Bxc3+ 8.
bxc3 O-O 9. Bd3 a6 10. a4 b6 11. Ba3 Re8 12. e4 e5 13. d5 Nb8 14. O-O c5 15. a5
Nbd7 16. axb6 Qxb6 17. Qe2 Qc7 18. Rfb1 Nb6 19. Qe3 Nbd7 20. Qg5 c4 21. Bc2 h6
22. Qe3 a5 23. Nd2 Nb6 24. Qxb6 Qxb6 25. Rxb6 Rd8 26. Nxc4 Ba6 27. Nxe5 Rdb8 28.
Rxb8+ Rxb8 29. Nc6 Rc8 30. Ne7+ Kh7 31. Nxc8 Bxc8 32. e5+ Kh8 33. exf6 {Black
resigns} 1-0

[Event "Team 45 45 League T27"]
[Site "Internet Chess Club"]
[Date "2005.07.03"]
[Round "3"]
[White "steve"]
[Black "DTK"]
[Result "0-1"]
[WhiteElo "1910"]
[BlackElo "1960"]
[TimeControl "2700+45"]

1. e4 e6 2. d4 d5 3. e5 c5 4. c3 Qb6 5. Nf3 Nc6 6. Bd3 cxd4 7. cxd4 Bd7 8. O-O
Nxd4 9. Nxd4 Qxd4 10. Nc3 a6 11. Qe2 Ne7 12. Kh1 Nc6 13. f4 Bc5 14. Rf3 Qg1#
{White checkmated} 0-1

[Event "Team 45 45 League T27"]
[Site "Internet Chess Club"]
[Date "2005.07.02"]
[Round "3"]
[White "tourettes"]
[Black "Mislav"]
[Result "1-0"]
[WhiteElo "1814"]
[BlackElo "1890"]
[TimeControl "2700+45"]

1. e4 e5 2. Nf3 Qe7 3. Nc3 c6 4. Bc4 d6 5. h3 Nf6 6. d3 h6 7. O-O g5 8. Nh2 b5
9. Bb3 a5 10. a3 Na6 11. Qe2 Nc5 12. Ba2 Ne6 13. Nd1 Nd4 14. Qd2 Nh5 15. c3 Ne6
16. Bxe6 Bxe6 17. Ne3 Nf4 18. d4 exd4 19. cxd4 Bg7 20. Re1 O-O 21. Nhg4 Rfd8 22.
Nf5 Qd7 23. Nfxh6+ Kh7 24. Nf5 Bxf5 25. exf5 Qxf5 26. Re3 Qd5 27. Rf3 Bxd4 28.
Qc2+ Kg7 29. Bxf4 gxf4 30. Rxf4 Re8 31. Rf5 Qe4 32. Rg5+ Kf8 33. Qd2 Be5 34.
Nxe5 Rxe5 35. Qxd6+ Re7 36. Qh6+ Ke8 37. Rg8+ Kd7 38. Rxa8 Re6 39. Rd1+ Kc7 40.
Qd2 c5 41. Qd8+ Kb7 42. Rd7+ {Black resigns} 1-0

[Event "Team 45 45 League T27"]
[Site "Internet Chess Club"]
[Date "2005.07.03"]
[Round "3"]
[White "ears"]
[Black "kingfischer57"]
[Result "0-1"]
[WhiteElo "1701"]
[BlackElo "1813"]
[TimeControl "2700+45"]

1. a3 d5 2. g3 Nf6 3. Bg2 e5 4. d3 g6 5. e3 Bg7 6. Ne2 O-O 7. O-O Bg4 8. f3 Be6
9. c3 c5 10. d4 exd4 11. cxd4 c4 12. Nbc3 Nc6 13. Bd2 Qd7 14. Nc1 Bh3 15. Qe1
Bxg2 16. Kxg2 Rfe8 17. Qf2 Re7 18. h3 Rae8 19. N1a2 Bh6 20. Rae1 a6 21. Nd1 Bg7
22. Bc3 Qc7 23. Nc1 b5 24. g4 Nd7 25. g5 f5 26. gxf6 Nxf6 27. Qg3 Qxg3+ 28. Kxg3
Nh5+ 29. Kg2 Bh6 30. Bd2 Nxd4 31. Na2 Nc6 32. Nb4 Nxb4 33. Bxb4 Re6 34. Bc5 Nf4+
35. Kh2 Nd3 36. Bd4 Nxe1 37. Rxe1 Bg7 {White resigns} 0-1

[Event "Team 45 45 League T27"]
[Site "Internet Chess Club"]
[Date "2005.07.02"]
[Round "3"]
[White "crankn8tr"]
[Black "clarnibass"]
[Result "1-0"]
[WhiteElo "1536"]
[BlackElo "1668"]
[TimeControl "2700+45"]

1. e4 e6 2. d4 d5 3. Nc3 Bb4 4. e5 c5 5. Bd2 Ne7 6. Qg4 cxd4 7. Qxd4 Nbc6 8. Bb5
O-O 9. Qf4 Ng6 10. Qg3 Ncxe5 11. O-O-O a6 12. f4 Nc6 13. Bxc6 bxc6 14. Ne4 Bxd2+
15. Nxd2 Qa5 16. Kb1 Rb8 17. Nb3 Qc7 18. Ne2 a5 19. h4 Ba6 20. f5 Qxg3 21. Nxg3
exf5 22. Nxa5 f4 23. Nxc6 Rb6 24. Nf5 Rxc6 25. h5 Rf6 26. Rxd5 Nh8 27. Ne7#
{Black checkmated} 1-0

[Event "Team 45 45 League T27"]
[Site "Internet Chess Club"]
[Date "2005.07.04"]
[Round "3"]
[White "gule"]
[Black "Lug"]
[Result "1/2-1/2"]
[WhiteElo "1864"]
[BlackElo "1906"]
[TimeControl "2700+45"]

1. d4 f5 2. g3 Nf6 3. Bg2 g6 4. b3 Bg7 5. Bb2 d6 6. c4 O-O 7. Nf3 Qe8 8. O-O Na6
9. Nc3 c6 10. Re1 h6 11. a3 Bd7 12. e4 fxe4 13. Nxe4 Qf7 14. Nxf6+ exf6 15. Nh4
g5 16. Nf3 f5 17. Qc2 f4 18. d5 fxg3 19. hxg3 Bf5 20. Qd2 Bxb2 21. Qxb2 c5 22.
Re3 Rae8 23. Rae1 Rxe3 24. Rxe3 Re8 25. Rxe8+ Qxe8 26. Qf6 Qf8 27. Qxf8+ Kxf8
28. Nd2 Ke7 29. Be4 Kf6 30. f3 Nc7 31. Kf2 b5 32. g4 Bd7 33. Ke3 Ke5 34. Bc2 a6
35. Ne4 Na8 36. Nd2 {Game drawn by mutual agreement} 1/2-1/2

[Event "Team 45 45 League T27"]
[Site "Internet Chess Club"]
[Date "2005.07.02"]
[Round "3"]
[White "ardsrfc"]
[Black "knightstorm"]
[Result "1-0"]
[WhiteElo "1774"]
[BlackElo "1855"]
[TimeControl "2700+45"]

1. b3 Nf6 2. Bb2 g6 3. Nf3 Bg7 4. e3 O-O 5. c4 d5 6. d4 c5 7. Nc3 cxd4 8. Nxd4
Nc6 9. Nxc6 bxc6 10. cxd5 cxd5 11. Bd3 Bb7 12. O-O e6 13. Rc1 Rc8 14. Nb5 Rxc1
15. Qxc1 Ba6 16. Qa1 Ne8 17. Bxg7 Nxg7 18. Rc1 Qb6 19. a4 Ne8 20. Bf1 Nd6 21.
Nxd6 Qxd6 22. Bxa6 Qxa6 23. Qc3 Rb8 24. a5 Qb7 25. Rb1 Rc8 26. Qd3 Rc5 27. b4
Rc4 28. b5 Qc7 29. b6 axb6 30. a6 Rc2 31. Ra1 Rc1+ 32. Rxc1 Qxc1+ 33. Qf1 Qa3
34. h3 Qa5 35. g3 Kf8 36. Qd3 Ke7 37. Kg2 h5 38. Qe2 Kd6 39. Qd3 e5 40. e4 d4
41. Qc4 Ke7 42. Qc7+ Kf6 43. a7 Kg7 44. Qb8 {Black resigns} 1-0

[Event "Team 45 45 League T27"]
[Site "Internet Chess Club"]
[Date "2005.07.04"]
[Round "3"]
[White "jazzyjoe"]
[Black "tarheels"]
[Result "1-0"]
[WhiteElo "1713"]
[BlackElo "1727"]
[TimeControl "2700+45"]

1. e4 c5 2. Nf3 Nc6 3. d4 cxd4 4. Nxd4 e5 5. Nxc6 bxc6 6. Bc4 Ba6 7. Qd3 Bxc4 8.
Qxc4 Nf6 9. Bg5 Be7 10. Bxf6 Bxf6 11. Nc3 O-O 12. O-O Qb6 13. Rab1 Rfd8 14. b3
Rab8 15. Rbd1 Be7 16. Na4 Qb5 17. Qxb5 Rxb5 18. Nb2 d5 19. exd5 cxd5 20. a4 Rc5
21. c4 d4 22. Nd3 Ra5 23. Rfe1 f6 24. f4 Bd6 25. c5 Bb8 26. fxe5 fxe5 27. Nxe5
Rxc5 28. Nd3 Rc3 29. b4 Bd6 30. g3 Rb3 31. b5 Bc7 32. Re7 Bb6 33. Kg2 Ra3 34.
Nb2 Ra2 35. Rd2 Ba5 36. Rf2 Rf8 37. Rfe2 d3 38. Nxd3 Rxa4 39. Rxa7 Rd4 40. Ree7
{Black resigns} 1-0

[Event "Team 45 45 League T27"]
[Site "Internet Chess Club"]
[Date "2005.07.03"]
[Round "3"]
[White "nir8888"]
[Black "ApakohKrieger"]
[Result "1-0"]
[WhiteElo "1678"]
[BlackElo "1701"]
[TimeControl "2700+45"]

1. d4 Nf6 2. Bf4 g6 3. Nf3 Bg7 4. e3 d6 5. h3 O-O 6. Bd3 b6 7. Nbd2 c5 8. c3 Ba6
9. Bxa6 Nxa6 10. O-O Qd7 11. Qe2 Qb7 12. Qd3 Rac8 13. Rac1 Rc6 14. Rfe1 Rfc8 15.
d5 R6c7 16. e4 Nd7 17. Nc4 Nf6 18. Bxd6 exd6 19. Nxd6 c4 20. Qc2 Qb8 21. Nxc8
Rxc8 22. Nd4 Nc5 23. Re2 Bh6 24. Rd1 a6 25. f3 b5 26. Nc6 Qd6 27. e5 Qc7 28.
exf6 Nd3 29. Ne7+ Kf8 30. Nxc8 Qxc8 31. Rxd3 cxd3 32. Qxd3 Bg5 33. Qd4 Qd8 34.
Re7 Bxf6 35. Qxf6 Qxe7 36. Qh8# {Black checkmated} 1-0